 Dungeon Crawl Stone Soup version 0.22-a0-877-g5c4e1af (webtiles) character file.

29 Hernon the Sneak (level 3, -2/26 HPs)
             Began as a Halfling Assassin on July 29, 2018.
             Slain by a gnoll
             ... wielding a +0 whip
              (4 damage)
             ... on level 1 of the Dungeon.
             The game lasted 00:03:37 (1107 turns).

Hernon the Sneak (Halfling Assassin)                Turns: 1107, Time: 00:03:38

Health: -2/26      AC:  5    Str:  9 (12) XL:     3   Next: 32%
Magic:  3/3        EV: 13    Int:  6 (9)  God:
Gold:   77         SH:  0    Dex: 14 (16) Spells: 2/2 levels left

rFire    . . .     SeeInvis .   a - +2 dagger
rCold    . . .     Gourm    .   (shield restricted)
rNeg     . . .     Faith    .   v - +0 leather armour
rPois    .         Spirit   .   (no helmet)
rElec    .         Reflect  .   d - +0 cloak
rCorr    .         Harm     .   j - +0 pair of gloves
MR       .....                  (no boots)
Stlth    ++........             (no amulet)
HPRegen  0.08/turn              (no ring)
MPRegen  0.08/turn              (no ring)

@: berserk cooldown, slowed, very slow
A: small, mutation resistance 1
a: no special abilities


You were on level 1 of the Dungeon.
You were hungry.

You visited 1 branch of the dungeon, and saw 2 of its levels.

You collected 77 gold pieces.

Inventory:

Hand Weapons
 a - a +2 dagger (weapon)
 b - a +0 blowgun
 h - a +0 mace
 o - a +0 hunting sling
Missiles
 e - 7 poisoned needles
 f - 2 curare-tipped needles
Armour
 d - a +0 cloak (worn)
 j - a +0 pair of gloves (worn)
 v - a +0 leather armour (worn)
Jewellery
 s - an uncursed amulet of guardian spirit
Scrolls
 c - a scroll of remove curse {unknown}
 k - a scroll of fear {unknown}
 q - a scroll of random uselessness
 r - a scroll of immolation {unknown}
 t - a scroll of teleportation {unknown}
 u - a scroll of amnesia {unknown}
Potions
 i - a potion of flight
 m - a potion of degeneration
Comestibles
 g - 3 rations


   Skills:
 + Level 3.2 Fighting
 - Level 2.4 Short Blades
 - Level 2.0 Throwing
 - Level 1.1 Dodging
 - Level 4.3 Stealth


You had 2 spell levels left.
You didn't know any spells.
Your spell library was empty.

Dungeon Overview and Level Annotations

Branches:
Dungeon (2/15)

Altars:


Innate Abilities, Weirdness & Mutations

You are small and have problems with some larger weapons.
You are somewhat resistant to further mutation.


Message History

There is an open door here.
It was a potion of degeneration.
There was something very wrong with that liquid.
You feel weakened.
You feel dopey.
You feel clumsy. The gnoll barely misses you.
It was a potion of berserk rage.
A red film seems to cover your vision as you go berserk!
You feel yourself moving faster!
You feel mighty! The gnoll misses you.
You feel a strong urge to attack something.
Wield which item (- for none, * to show all)? (? for menu, Esc to quit)
a - a +2 dagger (weapon)
You feel your anger nearly subside.
You are no longer berserk.
You are exhausted.
You feel yourself slow down. The gnoll hits you with a whip.
* * * LOW HITPOINT WARNING * * *
You hit the gnoll.
The gnoll is heavily wounded.
The gnoll hits you with a whip.
You die...

####### #.....#####
#####.........#
#(..'.........#
#.###.g@......# #.#
#.........#
#.###.........##########
#>......................
#.########.############.
#.# #.........# #.
#.############.....####.
#..................'....
##########.##.#....####.


You could see a gnoll.

Vanquished Creatures
  A worm (D:2)
  2 dart slugs (D:1)
  A ball python (D:1)
  A giant cockroach (D:2)
  3 goblins
  3 hobgoblins (D:1)
  5 jackals (D:1)
  A bat (D:1)
  A kobold (D:1)
  A rat (D:1)
19 creatures vanquished.

Notes
Turn   | Place    | Note
-------+----------+-------------------------------------------
     0 | D:1      | Hernon the Halfling Assassin began the quest for the Orb.
     0 | D:1      | Reached XP level 1. HP: 14/14 MP: 1/1
   346 | D:1      | Reached XP level 2. HP: 18/20 MP: 2/2
   655 | D:1      | Reached XP level 3. HP: 21/26 MP: 3/3
  1107 | D:1      | Slain by a gnoll

Vault maps used:
D:1:      ncdulo_smallfort
D:2:      lemuel_round_altar, minmay_misc_feat_tower

Skill      XL: |  1  2 |
---------------+-------+-----
Fighting       | 2 3 |  3.2
Short Blades   | |  2.4
Throwing       | |  2.0
Dodging        | |  1.1
Stealth        | |  4.3

Action                   || total
-------------------------++-------
Melee: Dagger            ||    47
 Fire: Blowgun           ||    16
       Hunting sling     ||    10
  Use: Scroll            ||     4
       Potion            ||     2
 Stab: Sleeping          ||     5
Armor: Robe              ||     3
       Leather armour    ||     5
Dodge: Dodged            ||    38

Table legend:
 A = Spawn XP
 B = Non-spawn XP
 C = Spawn XP percentage of total XP
 D = Spawn monster count
 E = Non-spawn monster count
 F = Spawn count percentage of total count
 G = Total turns spent on level
                    A         B        C        D         E        F      G
               +---------+---------+-------+---------+---------+-------+---------
         Total |       0 |      42 |   0.0 |       0 |      19 |   0.0 |  1107
               +---------+---------+-------+---------+---------+-------+---------
           D:1 |       0 |      33 |   0.0 |       0 |      16 |   0.0 |   965
           D:2 |       0 |       9 |   0.0 |       0 |       3 |   0.0 |   142
               +---------+---------+-------+---------+---------+-------+---------
